Map: Echo LE (Void)

Players

DoM - Winner!

  • Race: Zerg Zerg

Bop

  • Race: Terran Terran

VOD

Have the link to the VOD?

Description

Time

  • Played on: May 3, 2015, 8:49 p.m.
  • Length: 17:13
Show
View Real Time Build Order
Export as new Build Order

DoM Zerg - Winner!

Build Orders: Hatch First, Lurkers 

Get SALT Encoding   

  12  0:01  Drone  
  13  0:13  Overlord  
  13  0:18  Drone  
  14  0:22  Extractor  
  14  0:23  Drone  
  15  0:32  Drone  
  16  0:36  Drone  
  17  0:54  Hatchery  
  16  0:58  Extractor  
  15  1:10  Spawning Pool  
  14  1:12  Drone  
  14  1:16  Drone  
  16  1:21  Drone  
  16  1:25  Drone  
  18  1:34  Overlord  
  18  1:56  Drone, Queen  
  18  1:57  Zergling x2  
  22  2:04  Metabolic Boost  
  22  2:06  Zergling x2  
  23  2:14  Zergling x2  
  24  2:19  Zergling x4  
  26  2:23  Queen  
  28  2:30  Drone x2  
  30  2:42  Overlord  
  30  3:03  Zergling x2  
  30  3:04  Zergling x4  
  30  3:08  Drone  
  30  3:09  Drone x5  
  30  3:10  Drone  
  35  3:21  Zergling x2  
  36  3:29  Hatchery, Overlord  
  36  3:34  Overlord  
  35  3:41  Drone  
  35  3:49  Drone x3, Overlord  
  35  3:52  Drone x4  
  35  3:53  Drone  
  35  3:55  Drone  
  44  4:00  Queen  
  46  4:09  Drone x2  
  48  4:15  Drone x2  
  50  4:19  Extractor  
  50  4:20  Extractor  
  50  4:21  Drone x3  
  50  4:23  Overlord  
  51  4:24  Evolution Chamber, Drone  
  51  4:26  Drone  
  52  4:33  Overlord  
  52  4:37  Drone  
  53  4:47  Drone x2  
  53  4:48  Drone  
  56  4:54  Zergling x6  
  56  4:59  Lair  
  59  5:00  Drone x2  
  59  5:01  Drone x2  
  59  5:04  Drone  
  59  5:05  Zerg Missile Weapons Level 1  
  64  5:13  Drone x7  
  71  5:14  Baneling Nest  
  70  5:25  Drone x4  
  70  5:26  Evolution Chamber, Drone x2  
  75  5:29  Overlord  
  75  5:30  Overlord  
  75  5:35  Drone  
  76  5:36  Roach Warren  
  76  5:42  Overlord  
  75  5:45  Drone  
  76  5:51  Extractor  
  76  5:52  Extractor  
  76  5:55  Zerg Ground Armor Level 1  
  74  6:07  Overlord  
  74  6:19  Roach  
  74  6:20  Roach x6  
  74  6:24  Hydralisk Den  
  87  6:26  Drone, Overlord  
  87  6:27  Hatchery  
  87  6:28  Glial Reconstitution, Roach x5, Extractor  
  96  6:42  Overlord x2  
  96  6:45  Hatchery  
  96  6:46  Roach x5  
  105  6:52  Overlord x2  
  104  7:03  Hatchery  
  104  7:08  Muscular Augments  
  102  7:11  Drone x4  
  102  7:12  Drone x7  
  113  7:19  Drone x2  
  111  7:50  Drone  
  111  7:51  Drone x8  
  111  7:54  Overlord  
  109  7:59  Hydralisk  
  109  8:00  Hydralisk x7  
  125  8:07  Extractor  
  125  8:08  Lurker Den  
  125  8:09  Drone x5  
  125  8:10  Extractor  
  128  8:18  Drone x8  
  136  8:21  Zerg Ground Armor Level 2, Zerg Missile Weapons Level 2  
  136  8:24  Hydralisk x4  
  144  8:37  Overlord, Hydralisk  
  144  8:40  Overlord x2  
  144  8:41  Overlord  
  138  9:04  Drone x4  
  138  9:05  Drone x4  
  138  9:07  Drone x3  
  138  9:08  Drone x6  
  138  9:09  Spine Crawler  
  151  9:10  Overlord  
  151  9:12  Spine Crawler x2  
  151  9:16  Hydralisk x5, Extractor  
  158  9:19  Spine Crawler, Extractor  
  158  9:20  Spine Crawler  
  155  9:26  Spine Crawler  
  154  9:38  Infestation Pit  
  153  9:39  Lurker x11  
  153  9:43  Lurker  
  153  9:44  Drone  
  153  9:45  Drone x3  
  169  9:55  Hydralisk, Roach  
  169  9:56  Roach x5  
  183  10:03  Hatchery  
  183  10:04  Extractor  
  183  10:06  Extractor  
  179  10:12  Burrow, Drone x2  
  179  10:13  Drone  
  179  10:31  Overlord x4  
  179  10:33  Hydralisk x4  
  187  10:41  Hive  
  187  10:43  Overseer x2  
  187  11:11  Drone x3  
  187  11:12  Spine Crawler  
  187  11:13  Spine Crawler  
  187  11:14  Spine Crawler  
  187  11:23  Pneumatized Carapace  
  183  11:48  Roach x7  
  183  11:51  Drone x2  
  183  11:52  Drone x4  
  189  11:59  Hydralisk  
  189  12:00  Hydralisk x5  
  167  12:17  Spine Crawler x4, Hydralisk x15  
  167  12:19  Spine Crawler x2  
  191  12:33  Viper x6  
  191  12:35  Drone x7  
  191  12:36  Drone x3  
  200  12:37  Drone  
  198  13:02  Zerg Ground Armor Level 3, Zerg Missile Weapons Level 3  
  198  13:04  Spire  
  197  13:17  Hatchery  
  197  13:18  Extractor  
  195  13:21  Extractor  
  194  13:45  Ultralisk Cavern  
  189  14:12  Hydralisk x9  
  182  14:42  Hydralisk x9  
  182  14:43  Hydralisk x13  
  176  14:56  Hydralisk  
  176  14:57  Hydralisk x7, Zergling x14  
  176  14:58  Hydralisk x7, Zergling x4  
  196  15:05  Hydralisk  
  196  15:06  Hydralisk x2  
  189  15:14  Overseer  
  178  15:22  Ultralisk x3  
  178  15:24  Chitinous Plating  
  182  15:45  Hatchery  
  182  15:49  Extractor  
  177  16:03  Ultralisk x3  
Show
View Real Time Build Order
Export as new Build Order

Bop Terran 

Build Orders: Mech 

Get SALT Encoding   

  12  0:01  SCV  
  13  0:13  SCV  
  14  0:19  Supply Depot  
  14  0:25  SCV  
  15  0:40  SCV  
  15  0:42  Barracks  
  16  1:07  Command Center  
  16  1:13  SCV  
  18  1:32  Orbital Command  
  17  1:38  Marine  
  18  1:43  Refinery  
  18  1:55  Marine  
  18  2:00  Supply Depot  
  19  2:05  SCV  
  20  2:13  Marine  
  21  2:20  Orbital Command  
  21  2:22  SCV  
  22  2:25  Refinery  
  22  2:34  Bunker  
  22  2:37  Marine  
  22  2:39  SCV  
  24  2:51  SCV  
  25  2:52  Factory  
  24  3:03  Marine  
  25  3:12  SCV x2  
  25  3:19  Bunker  
  25  3:21  Supply Depot, Marine  
  27  3:27  SCV x2  
  27  3:30  Supply Depot  
  27  3:32  Supply Depot  
  28  3:38  Starport  
  28  3:39  SCV  
  29  3:43  Factory Tech Lab  
  29  3:47  SCV  
  31  3:51  SCV  
  31  3:56  Armory  
  31  3:57  Barracks Reactor  
  31  3:59  SCV  
  32  4:03  SCV  
  32  4:06  Cyclone  
  36  4:11  SCV  
  36  4:15  SCV  
  36  4:16  Command Center  
  38  4:21  Refinery  
  38  4:23  Refinery  
  38  4:25  SCV  
  38  4:27  SCV  
  40  4:37  SCV  
  41  4:39  SCV  
  42  4:50  SCV, Factory  
  42  4:51  SCV, Factory  
  44  4:57  Viking  
  46  5:02  SCV  
  46  5:04  SCV  
  48  5:14  SCV, Siege Tank  
  48  5:16  SCV  
  48  5:19  Supply Depot  
  48  5:20  Supply Depot  
  53  5:26  Missile Turret  
  53  5:27  SCV, Missile Turret  
  53  5:28  SCV, Orbital Command  
  55  5:41  Hellion x2  
  55  5:42  Factory Tech Lab  
  59  5:44  Terran Vehicle and Ship Weapons Level 1  
  59  5:46  SCV x2  
  64  5:58  SCV x2  
  69  6:05  Thor  
  69  6:07  Thor  
  69  6:08  Hellion  
  69  6:09  SCV, Hellion  
  69  6:10  SCV  
  81  6:15  SCV  
  82  6:21  SCV  
  82  6:22  SCV  
  82  6:23  Fusion Core  
  84  6:27  SCV  
  85  6:33  Barracks Reactor  
  85  6:41  Hellion x2  
  85  6:44  Orbital Command  
  89  6:48  Siege Tank  
  89  6:50  Siege Tank  
  95  7:00  Missile Turret, Infernal Pre-Igniter  
  95  7:01  Unknown  
  94  7:03  Hellion x2  
  94  7:05  Missile Turret  
  98  7:10  SCV x3, Missile Turret  
  98  7:13  Refinery  
  101  7:22  SCV  
  101  7:25  Orbital Command  
  101  7:28  Hellion  
  100  7:35  Hellion  
  101  7:44  Siege Tank  
  101  7:59  Hellion x8, Missile Turret  
  101  8:04  Starport Tech Lab  
  101  8:12  SCV x2  
  101  8:13  Supply Depot  
  101  8:14  Supply Depot  
  101  8:16  SCV, Hellion x2, Siege Tank x2  
  112  8:24  SCV x2  
  112  8:25  Refinery  
  114  8:28  SCV  
  115  8:36  SCV x2  
  115  8:37  Barracks Tech Lab  
  115  8:38  Factory  
  115  8:39  Factory, Unknown  
  117  8:43  SCV  
  117  8:45  Hellion  
  117  8:46  Hellion, Raven  
  117  8:48  SCV x2, Siege Tank x2  
  126  8:52  Command Center  
  120  8:56  SCV  
  119  9:04  Terran Vehicle and Ship Weapons Level 2  
  119  9:07  Hellion x2  
  119  9:08  Armory  
  117  9:18  Command Center  
  117  9:20  Command Center  
  117  9:21  Siege Tank, Engineering Bay  
  120  9:26  Siege Tank  
  120  9:27  Hellion x6  
  123  9:32  Factory Tech Lab  
  123  9:37  Supply Depot x2, Hellion  
  125  9:58  Hellion x3  
  131  10:01  Terran Vehicle And Ship Armor Level 1  
  131  10:04  Raven  
  123  10:15  Siege Tank x3  
  132  10:42  Starport  
  132  10:45  Hellion x4, Missile Turret  
  132  10:46  Missile Turret  
  132  10:47  Hellion x2, Siege Tank, Missile Turret  
  147  10:51  Refinery  
  147  10:56  Refinery  
  142  11:07  Planetary Fortress  
  142  11:08  Siege Tank x2  
  142  11:10  Missile Turret  
  148  11:20  Siege Tank  
  148  11:21  Hellion  
  148  11:22  Hellion x3, Missile Turret  
  148  11:24  Missile Turret  
  159  11:27  Planetary Fortress  
  159  11:28  SCV x3  
  162  11:37  Hellion x4  
  162  11:40  Siege Tank x2, Starport Reactor  
  168  11:48  Refinery  
  168  11:49  Terran Vehicle and Ship Weapons Level 3  
  165  12:22  Banshee, Viking x2, Refinery  
  156  12:41  Cyclone x2  
  156  12:42  Widow Mine x2  
  155  12:52  Viking  
  154  13:03  Starport  
  154  13:04  Refinery  
  154  13:06  Factory Tech Lab  
  154  13:09  Banshee  
  154  13:11  Viking  
  159  13:13  Cyclone  
  159  13:22  Viking  
  161  13:37  Hellion x4  
  161  13:39  Command Center  
  161  13:41  Viking  
  171  13:52  Banshee  
  174  13:57  Banshee  
  177  14:03  Hyperflight Rotors  
  177  14:09  Hellion  
  179  14:12  Siege Tank x2  
  179  14:14  Hellion  
  179  14:20  Supply Depot  
  179  14:30  Command Center  
  179  14:39  Hellion x2  
  179  14:42  Banshee, Hellion x2, Siege Tank  
  179  14:44  Siege Tank x2  
  152  15:01  Hellion x2  
  154  15:08  Hellion x2  
  148  15:14  Siege Tank  
  148  15:19  Banshee  
  160  15:22  Hellion  
  160  15:26  Refinery  
  144  15:46  Siege Tank  
  147  15:50  Siege Tank  
  147  15:56  Viking x2  
  152  15:59  Factory Tech Lab  
  152  16:17  Missile Turret  
  155  16:18  Siege Tank  
  155  16:19  Missile Turret x2  
  155  16:21  Refinery  
  155  16:23  Planetary Fortress  
  155  16:24  Refinery  
  153  16:39  Siege Tank  
Tags
 
Add a new tag
Caveats
  • Supply blocks, unpowered buildings, or Contaminate may cause inaccurate times.
  • Supply counts are checked every 10 seconds.